AoeStats
← 黑森林第一巴图鲁

Arena

509057087Analyzed
1v1 RM · 6d ago on Sep 25, 2026· 73m 14s· 2 players
Game mode
Random Map
Map size
Tiny (2 player)
Population
200
Speed
Normal
Resources
Standard
Victory
Conquest
Starting age
Dark Age
Ending age
Imperial Age
RankedLock teamsTeams togetherTeam positionsShared explorationLock speedFull tech treeHidden civsTurbo modeCheats
Victory
Defeat
729
+18
🇺🇸 Danes · United States
764
-18
黑森林第一巴图鲁
0:39 Loom
12:12 Feudal Age
13:34 Wheelbarrow
12:47 Double-Bit Axe
12:45 Horse Collar
16:47 Town Watch
20:54 Castle Age
22:01 Heavy Plow
22:39 Fletching
22:49 Padded Archer Armor
26:43 Forging
29:42 Bow Saw
33:17 Gold Mining
36:43 Scale Barding Armor
43:17 Imperial Age
41:14 Ballistics
41:29 Leather Archer Armor
42:32 Bloodlines
42:23 Husbandry
43:22 Fortified Wall
44:23 Conscription
46:07 Hand Cart
47:09 Chemistry
47:41 Chain Barding Armor
49:09 Iron Casting
48:30 Bodkin Arrow
48:46 Thumb Ring
49:40 Stone Mining
50:26 Gold Shaft Mining
50:44 Town Patrol
50:58 Masonry
50:54 Siege Engineers
51:17 Parthian Tactics
52:10 Bracer
53:11 Blast Furnace
53:28 Murder Holes
54:20 Drill
53:30 Light Cavalry
54:20 Scale Mail Armor
55:00 Onager
55:03 Capped Ram
57:21 Elite Mangudai
58:17 Elite Steppe Lancer
59:49 Chain Mail Armor
63:10 Hussar
67:01 Siege Ram
72:07 Plate Mail Armor
71:08 Siege Onager
seagull warrior
10:27 Feudal Age
15:27 Castle Age
14:03 Forging
13:43 Arson
14:29 Horse Collar
15:38 Scale Mail Armor
24:15 Loom
29:22 Elite Skirmisher
31:24 Double-Bit Axe
32:05 Fletching
34:25 Padded Archer Armor
35:23 Chain Mail Armor
35:59 Iron Casting
36:50 Bodkin Arrow
37:28 Leather Archer Armor
37:56 Squires
38:39 Ballistics
41:51 Hamask
46:56 Thumb Ring
52:17 Imperial Age
52:59 Bracer
54:00 Chemistry
54:37 Blast Furnace
55:30 Plate Mail Armor
55:53 Ring Archer Armor
55:48 Capped Ram
58:33 Elite Jomsviking
60:24 Conscription
63:19 Northmen's Fury
67:31 Scale Barding Armor
67:29 Light Cavalry
68:10 Husbandry
Connection lost

Rejoining the realm…

Still unreachable

The connection could not be restored.

Session expired

The server has moved on; the page needs a fresh start.